 Dungeon Crawl Stone Soup version 0.25-a0-577-ga4619f409e (webtiles) character file.

Game seed: 15254087528074223580, levelgen mode: deterministic

144 Flugslaktarn the Skirmisher (level 5, -2/47 HPs)
             Began as a Minotaur Fighter on Mar 2, 2020.
             Slain by a white imp (5 damage)
             ... summoned by Natasha
             ... on level 3 of the Dungeon.
             The game lasted 00:00:26 (554 turns).

Flugslaktarn the Skirmisher (Minotaur Fighter)       Turns: 554, Time: 00:00:26

Health: -2/47      AC:  9    Str: 21    XL:     5   Next: 5%
Magic:  4/4        EV:  5    Int:  5    God:
Gold:   54         SH:  9    Dex: 10    Spells: 4/4 levels left

rFire    . . .     SeeInvis .   a - +0 war axe
rCold    . . .     Gourm    .   c - +0 kite shield
rNeg     . . .     Faith    .   i - +0 chain mail
rPois    .         Spirit   .   (helmet restricted)
rElec    .         Reflect  .   (no cloak)
rCorr    .         Harm     .   (no gloves)
MR       .....                  (no boots)
Stlth    ..........             (no amulet)
HPRegen  0.15/turn              (no ring)
MPRegen  0.09/turn              (no ring)

@: slowed, very slow
A: retaliatory headbutt, horns 2
a: no special abilities


You were on level 3 of the Dungeon.
You were not hungry.

You visited 1 branch of the dungeon, and saw 4 of its levels.

You collected 54 gold pieces.

Inventory:

Hand Weapons
 a - a +0 war axe (weapon)
Armour
 b - a +0 scale mail
 c - a +0 kite shield (worn)
 i - a +0 chain mail (worn)
   (You found it on level 2 of the Dungeon)
Jewellery
 k - an uncursed ring of wizardry {unknown}
   (You found it on level 2 of the Dungeon)
Scrolls
 h - a scroll of noise {unknown}
 j - a scroll of blinking {unknown}
 l - a scroll of enchant armour {unknown}
Potions
 d - a potion of might
 g - a potion of flight {unknown}
 m - a potion of curing {unknown}
Comestibles
 e - a ration
 f - 11 chunks of flesh


   Skills:
 + Level 4.5 Fighting
 * Level 4.4 Axes
 + Level 4.4 Armour
 + Level 4.4 Shields


You had 4 spell levels left.
You didn't know any spells.
Your spell library was empty.

Dungeon Overview and Level Annotations

Branches:
Dungeon (4/15)
 Temple: D:4-7

Altars:

Annotations:
D:3 Natasha


Innate Abilities, Weirdness & Mutations

You reflexively headbutt those who attack you in melee.
You have a pair of horns on your head.


Message History

* * * LOW HITPOINT WARNING * * *
The white imp freezes you.
* * * LOW HITPOINT WARNING * * *
You are too injured to fight recklessly!
You are too injured to fight recklessly!
You are too injured to fight recklessly!
You are too injured to fight recklessly!
You are too injured to fight recklessly!
You are too injured to fight recklessly!
You are too injured to fight recklessly!
You hit Natasha but do no damage.
Natasha is almost dead.
You hit the white imp but do no damage. Natasha claws you but does no damage.
The white imp hits you but does no damage.
Natasha mumbles some strange words.
You feel disoriented. You block Natasha's attack. The white imp hits you.
* * * LOW HITPOINT WARNING * * *
The white imp freezes you.
You die...

##.# ..?# #..#
#....##.## .
#....#..#########.
##..............
#.............####
..........).........
.######(...5....##..
#...(.@h.....#
#...>.....####
#.........#
#.........#
#.........#
#.........#
###########


You could see Natasha and a white imp.

Vanquished Creatures
  A scorpion (D:4)
  An orc priest (D:3)
  3 adders
  A worm (D:2)
  2 leopard geckos
  9 orcs
  A giant cockroach (D:2)
  2 goblins (D:2)
  A hobgoblin (D:3)
  3 jackals (D:4)
  2 kobolds
  A bat (D:1)
  A rat (D:2)
28 creatures vanquished.

Notes
Turn   | Place    | Note
-------+----------+-------------------------------------------
     0 | D:1      | Flugslaktarn the Minotaur Fighter began the quest for the
                  | Orb.
     0 | D:1      | Reached XP level 1. HP: 19/19 MP: 0/0
   205 | D:2      | Reached XP level 2. HP: 27/27 MP: 1/1
   347 | D:3      | Reached XP level 3. HP: 27/33 MP: 2/2
   519 | D:3      | Reached XP level 4. HP: 37/40 MP: 3/3
   530 | D:3      | Noticed Natasha
   545 | D:4      | Reached XP level 5. HP: 22/47 MP: 4/4
   554 | D:3      | Slain by a white imp

Levels and vault maps discovered:
D:1:      wander_arrival_estate, layout_basic, chequers_serial_rivers_micro_c,
          chequers_big_river
D:2:      layout_basic, first_ration
D:3:      layout_rooms, makhleb_blood_cavern_becter, uniq_natasha
D:4:      layout_cave_pools, uniq_blork_the_orc

Skill      XL: |  1  2  3  4 |
---------------+-------------+-----
Axes           | 3 4 |  4.4
Fighting       | 4 |  4.5
Armour         | 4 |  4.4
Shields        | 4 |  4.4

Action                   |  1- 3 |  4- 6 || total
-------------------------+-------+-------++-------
Melee: War axe           |    45 |    18 ||    63
       Headbutt          |     5 |     2 ||     7
Armor: Chain mail        |    26 |    28 ||    54
       Scale mail        |     2 |       ||     2
Dodge: Dodged            |     9 |    10 ||    19
Block: Kite shield       |    19 |    17 ||    36

Table legend:
 A = Non-vault XP
 B = Vault XP
 C = Vault XP percentage of total XP
 D = Non-vault monster count
 E = Vault monster count
 F = Vault count percentage of total count
                 A         B        C        D         E       F
            +---------+---------+-------+---------+---------+-------
      Total |     206 |       0 |   0.0 |      28 |       0 |   0.0
            +---------+---------+-------+---------+---------+-------
        D:1 |       1 |       0 |   0.0 |       1 |       0 |   0.0
        D:2 |      20 |       0 |   0.0 |       8 |       0 |   0.0
        D:3 |      84 |       0 |   0.0 |       9 |       0 |   0.0
        D:4 |     101 |       0 |   0.0 |      10 |       0 |   0.0
            +---------+---------+-------+---------+---------+-------
